 Dungeon Crawl Stone Soup version 0.29-a0-557-g43b9904 (webtiles) character file.

Game seed: 2255072443841956004

45739 Illumine the Grappler (level 14, -2/140 HPs)
             Began as a Troll Cinder Acolyte on June 8, 2022.
             Was an Initiate of Ignis.
             Killed by nerve-wracking pain
             ... invoked by an orc priest
              (14 damage)
             ... on level 12 of the Dungeon.
             The game lasted 00:45:13 (17962 turns).

Illumine the Grappler (Troll Cinder Acolyte)       Turns: 17962, Time: 00:45:13

Health: -2/140     AC: 13    Str: 35    XL:     14   Next: 2%
Magic:  14/14      EV: 10    Int: 10    God:    Ignis [......]
Gold:   1385       SH:  0    Dex:  5    Spells: 6/15 levels left

rFire   + . .      SeeInvis .     - Unarmed
rCold   . . .      Faith    .   (no shield)
rNeg    . . .      Spirit   .   C - +1 acid dragon scales
rPois   .          Reflect  .   (helmet restricted)
rElec   .          Harm     .   T - +2 cloak {rCorr}
rCorr   +          Rampage  .   (gloves unavailable)
Will    +....                   (boots unavailable)
Stlth   ..........              (no amulet)
HPRegen 1.13/turn               k - ring of wizardry
MPRegen 0.14/turn               Q - +6 ring of strength

@: mighty, silenced, attractive, studying Crossbows
A: large, unfitting armour, claws 3, regeneration 1, shaggy fur 1, tough skin 1
a: Renounce Religion


You were on level 12 of the Dungeon.
You worshipped Ignis.
Ignis was noncommittal.
You visited 2 branches of the dungeon, and saw 18 of its levels.
You also visited: Ossuary.

You collected 1493 gold pieces.
You spent 108 gold pieces at shops.

Inventory:

Hand Weapons
 a - a -1 falchion of flaming
 l - the +6 long sword of Contention {holy, Fly Dex+5}
   (You found it on level 2 of the Lair of Beasts)

   It has been blessed by the Shining One to cause great damage to the undead
   and demons.
   Dex:       It affects your dexterity (+5).
   Fly:       It grants you flight.
 B - the +10 mace of Bloodstone {speed, Will- rCorr MP+9 Int-4}
   (You found it on level 5 of the Dungeon)

   Attacks with this weapon are significantly faster.
   Int:       It affects your intelligence (-4).
   MP:        It affects your magic capacity (+9).
   rCorr:     It protects you from acid and corrosion.
   Will:      It decreases your willpower.
Missiles
 d - 6 atropa-tipped darts
 e - 3 large rocks
 h - a boomerang (quivered)
Armour
 b - a +1 robe
 C - +1 acid dragon scales (worn)
 T - a +2 cloak of preservation (worn)
Jewellery
 k - a ring of wizardry (left claw)
 y - a ring of resist corrosion
 Q - a +6 ring of strength (right claw)
Wands
 s - a wand of acid (4)
 A - a wand of mindburst (4)
 E - a wand of iceblast (24)
 J - a wand of polymorph (6)
Scrolls
 c - a scroll of silence
 i - 6 scrolls of teleportation
 j - 2 scrolls of enchant armour
 m - 5 scrolls of poison
 o - 6 scrolls of enchant weapon
 q - 2 scrolls of amnesia
 u - 2 scrolls of acquirement {unknown}
 x - 2 scrolls of fog
 F - a scroll of immolation {unknown}
 I - 4 scrolls of magic mapping
 L - a scroll of torment {unknown}
 O - 5 scrolls of fear {unknown}
 R - a scroll of vulnerability {unknown}
 U - 2 scrolls of blinking {unknown}
Potions
 f - a potion of cancellation {unknown}
 g - 5 potions of mutation
 n - 5 potions of curing
 p - 2 potions of invisibility {unknown}
 r - a potion of might
 t - 3 potions of brilliance {unknown}
 v - 6 potions of flight
 z - 2 potions of attraction
 D - 5 potions of degeneration {unknown}
 G - a potion of lignification {unknown}
 K - 2 potions of resistance {unknown}
 N - 2 potions of magic {unknown}
 P - 2 potions of berserk rage {unknown}
 S - 2 potions of ambrosia {unknown}
Miscellaneous
 H - a tin of tremorstones (1/2)


   Skills:
 + Level 9.4 Fighting
 - Level 2.4 Long Blades
 + Level 9.1 Throwing
 + Level 5.9 Armour
 - Level 7.3 Dodging
 - Level 1.0 Stealth
 + Level 13.0 Unarmed Combat
 - Level 1.0 Spellcasting
 - Level 3.0 Hexes
 - Level 2.0 Summonings
 - Level 4.0 Translocations
 - Level 2.1 Fire Magic
 - Level 5.0 Evocations


You had 6 spell levels left.
You knew the following spells:

 Your Spells              Type           Power      Damage    Failure   Level
a - Scorch                Fire           8%         2d5       10%         2
b - Passwall              Tmut/Erth      0%         N/A       24%         2
c - Summon Guardian Gole  Hex/Summ       5%         N/A       16%         3
d - Blink                 Tloc           16%        N/A       4%          2

Your spell library contained the following spells:

 Spells                   Type           Power      Damage    Failure   Level
 Summon Small Mammal      Summ           16%        N/A       7%          1
 Gell's Gravitas          Tloc           8%         N/A       9%          3
 Lesser Beckoning         Tloc           8%         N/A       9%          3
 Teleport Other           Tloc           8%         N/A       9%          3
 Call Imp                 Summ           4%         N/A       11%         2
 Ensorcelled Hibernation  Hex/Ice        6%         N/A       13%         2
 Magic Dart               Conj           0%         1d3       16%         1
 Shock                    Conj/Air       0%         1d3       16%         1
 Sting                    Tmut/Pois      0%         1d3       16%         1
 Call Canine Familiar     Summ           4%         N/A       21%         3
 Poisonous Vapours        Pois/Air       0%         N/A       24%         2
 Static Discharge         Conj/Air       0%         N/A       24%         2
 Mephitic Cloud           Conj/Pois/Air  0%         N/A       41%         3
 Ozocubu's Armour         Ice            0%         N/A       41%         3
 Spider Form              Tmut/Pois      0%         N/A       41%         3
 Swiftness                Air            0%         N/A       41%         3
 Anguish                  Hex/Necr       1%         N/A       61%         4
 Manifold Assault         Tloc           8%         N/A       61%         5
 Sticky Flame             Conj/Fire      2%         2d3       65%         4
 Airstrike                Air            0%         N/A       80%         4
 Dispel Undead            Necr           0%         3d6       80%         4
 Olgreb's Toxic Radiance  Pois           0%         N/A       80%         4
 Dispersal                Tloc           4%         N/A       98%         6
 Orb of Destruction       Conj           0%         9d5       100%        7
 Ozocubu's Refrigeration  Ice            0%         4d5       100%        7
 Spellforged Servitor     Conj/Summ      1%         N/A       100%        7


Dungeon Overview and Level Annotations

Branches:
Dungeon (12/15)            Temple (0/1) D:4            Lair (6/6) D:10
 Shoals (0/4) Lair:3       Spider (0/4) Lair:4        Slime (0/5) Lair:6
Ossuary (visited)
    Orc: D:9-12

Altars:
Yredelemnul
Jiyva

Shops:
D:9 *   D:10 *

Annotations:
Lair:6 1 runed translucent door, SuisLittleHoshiymin's ghost, journeyman OgFi


Innate Abilities, Weirdness & Mutations

You are too large for most types of armour.
You have claws for hands.
Your natural rate of healing is unusually fast.
You are covered in fur. (AC +1)
You have tough skin. (AC +1)


Message History

The orc barely misses you.
The orc warrior is attracted toward you.
You mangle Nessos!!
Nessos is almost dead.
Nessos hits you.
* * * LOW HITPOINT WARNING * * *
Nessos kicks you but does no damage.
Nessos looks angry.
Nessos hits you!
* * * LOW HITPOINT WARNING * * *
Nessos kicks you but does no damage.
An orc priest comes into view. It is wielding a +0 hand axe.
The orc priest is attracted toward you.
You eviscerate Nessos!!!
You kill Nessos!
The orc warrior hits you but does no damage.
The orc closely misses you. The orc priest is attracted toward you.
You have reached level 14!
You feel better.
An orc wizard comes into view. It is wielding a +0 dagger.
An orc comes into view. It is wielding a +0 hand axe.
An orc comes into view. It is wielding a +0 war axe.
The orc warrior barely misses you. The orc hits you with a +0 hand axe.
* * * LOW HITPOINT WARNING * * *
The orc wizard is attracted toward you. The orc is attracted toward you. x2
You barely miss the orc. The orc wizard is attracted toward you.
The orc is attracted toward you. x2
Unknown command.
Okay, then.
Okay, then.
The tremorstone explodes into fragments!
The burst of rock shards engulfs the orc!
You kill the orc!
The burst of rock shards engulfs the orc!
You kill the orc!
The orc hits you but does no damage.
The orc wizard hits you but does no damage.
The orc priest mumbles some strange prayers to Beogh against you.
Pain shoots through your body!
You die...

###### ..#########
#....######## ...oo§....#
+....'....... ......§§..#
#....#.......
...#####§#######....###...##
#......)oo..........#...##
#.§..§.)o@).........#....#
##.......o...........#....#
......................#...##
....########....#######...##
.... #...))).#........ ...
#...)#..#........ ..
#....#..#........
#....#########.## ####.....#
##.##


You could see an orc warrior, an orc priest, an orc wizard and an orc.

Vanquished Creatures
  Nessos (D:12)
  A boulder beetle (Lair:1)
  4 hydras
  A centaur warrior (D:11)
  A two-headed ogre (D:10)
  2 lindwurms
  An oklob plant (Lair:3)
  2 manticores
  A cyclops (D:11)
  Joseph (D:7)
  2 merfolk sirens (Lair:3)
  A torpor snail (Lair:5)
  8 black mambas
  7 elephants (Lair:6)
  A gargoyle (D:9)
  13 cane toads
  6 komodo dragons
  2 trolls
  2 merfolk (Lair:3)
  2 polar bears
  20 blink frogs
  A dream sheep (D:8)
  A shadow (D:10)
  3 culicivoras (Lair:4)
  2 wraiths
  A vampire (D:12)
  7 wyverns
  A hog (D:7)
  4 basilisks
  Eustachio (D:5)
  50 yaks
  2 steam dragons
  5 vampire mosquitoes
  An acid dragon (D:6)
  18 water moccasins
  2 orc warriors (D:12)
  4 black bears
  An ice beast (D:5)
  2 sky beasts
  20 wolves
  4 centaurs
  A kobold brigand (D:8)
  A gnoll sergeant (D:8)
  7 bullfrogs
  A necrophage (D:7)
  A scorpion (D:5)
  18 wights
  2 electric eels (Lair:2)
  A howler monkey (D:5)
  A centaur zombie (Ossuary)
  2 jellies (D:6)
  7 orc priests
  Crazy Yiuf (D:3)
  A gnoll shaman (D:8)
  A hound (D:8)
  5 iguanas
  10 orc wizards
  8 hell rats
  2 mummies (Ossuary)
  3 gnolls (D:9)
  5 adders
  2 ufetubi
  A worm (D:2)
  29 orcs
  4 ball pythons
  3 endoplasms
  2 giant cockroaches
  4 gnoll zombies (Ossuary)
  11 goblins
  6 hobgoblins
  4 quokkas (D:1)
  3 bats
  3 frilled lizards
  A goblin zombie (Ossuary)
  A hobgoblin zombie (Ossuary)
  12 kobolds
  7 orc zombies (Ossuary)
  3 rats
  2 rat zombies (D:6)
385 creatures vanquished.

Vanquished Creatures (collateral kills)
  The ghost of Dega the Marksspriggan, a journeyman SpHu of Hepliaklqana (Lair:2)
  5 yaks (Lair:2)
  A basilisk (Lair:2)
7 creatures vanquished.

Vanquished Creatures (others)
  Harold (D:9)
  A komodo dragon (D:10)
  2 yaks (D:10)
  A steam dragon (D:7)
  An acid dragon (D:10)
  44 bushes
  20 foxfires (D:6)
  55 fungi
  96 plants
221 creatures vanquished.

Grand Total: 613 creatures vanquished

Notes
Turn   | Place    | Note
-------+----------+-------------------------------------------
     0 | D:1      | Illumine the Troll Cinder Acolyte began the quest for the
                  | Orb.
     0 | D:1      | Reached XP level 1. HP: 22/22 MP: 1/1
   158 | D:1      | Reached skill level 1 in Unarmed Combat
   324 | D:1      | Reached XP level 2. HP: 29/29 MP: 2/2
   375 | D:1      | Reached skill level 2 in Unarmed Combat
   427 | D:1      | Found a faded altar of an unknown god.
   842 | D:2      | Reached XP level 3. HP: 17/36 MP: 3/3
   943 | D:1      | Reached skill level 3 in Unarmed Combat
  1075 | D:2      | Learned a level 2 spell: Scorch
  1414 | D:3      | Reached XP level 4. HP: 43/44 MP: 4/4
  1925 | D:3      | Found a basalt altar of Yredelemnul.
  1967 | D:3      | Found a runed translucent door.
  1968 | D:3      | Noticed Crazy Yiuf
  2455 | D:4      | Reached skill level 1 in Stealth
  2455 | D:4      | Reached skill level 4 in Unarmed Combat
  2455 | D:4      | Reached XP level 5. HP: 43/50 MP: 5/5
  2635 | D:4      | Found a staircase to the Ecumenical Temple.
  2721 | D:5      | Entered Level 5 of the Dungeon
  2798 | D:5      | Reached skill level 1 in Dodging
  2873 | D:5      | Reached XP level 6. HP: 59/61 MP: 6/6
  2913 | D:5      | Noticed Eustachio
  2913 | D:5      | Noticed an ice beast
  2918 | D:5      | Reached skill level 5 in Unarmed Combat
  2963 | D:5      | Killed Eustachio
  2964 | D:5      | Reached XP level 7. HP: 51/67 MP: 7/7
  3001 | D:5      | Reached skill level 6 in Unarmed Combat
  3041 | D:5      | You fall into a shaft and drop 3 floors!
  3406 | D:6      | Found a sand-covered staircase.
  3438 | Ossuary  | Entered an ossuary
  3692 | D:6      | Reached XP level 8. HP: 78/78 MP: 8/8
  3725 | D:6      | Reached skill level 1 in Throwing
  3725 | D:6      | Reached skill level 7 in Unarmed Combat
  4082 | D:5      | Identified the +10 mace of Bloodstone {speed, Will- rCorr
                  | MP+9 Int-4}
  4911 | D:7      | Reached skill level 1 in Armour
  5021 | D:7      | Noticed Joseph
  5128 | D:7      | Reached skill level 8 in Unarmed Combat
  5228 | D:7      | Reached XP level 9. HP: 71/81 MP: 9/9
  5281 | D:7      | Reached skill level 5 in Fighting
  5492 | D:7      | Killed Joseph
  5493 | D:7      | Reached skill level 1 in Evocations
  5727 | D:8      | Found a huge runed translucent gate.
  5728 | D:8      | Found a huge runed translucent gate.
  5869 | D:8      | Learned a level 2 spell: Passwall
  5873 | D:8      | Learned a level 3 spell: Summon Guardian Golem
  5874 | D:8      | Noticed a polar bear
  5972 | D:8      | Reached skill level 9 in Unarmed Combat
  6048 | D:8      | Reached skill level 1 in Summonings
  6103 | D:8      | Noticed a troll
  6115 | D:8      | Reached skill level 1 in Hexes
  6116 | D:8      | Killed a troll
  6117 | D:8      | Reached XP level 10. HP: 84/98 MP: 10/10
  6238 | D:8      | Found a huge runed translucent gate.
  6238 | D:8      | Found a huge runed translucent gate.
  6240 | D:8      | Noticed a manticore
  6378 | D:9      | Noticed a gargoyle
  6418 | D:9      | Killed a gargoyle
  6739 | D:9      | Reached skill level 10 in Unarmed Combat
  6869 | D:9      | Noticed Harold
  6925 | D:9      | Killed Harold
  7102 | D:9      | Found Biocod's Assorted Antiques.
  7105 | D:9      | Bought 2 scrolls of identify for 108 gold pieces
  7399 | D:10     | Entered Level 10 of the Dungeon
  7512 | D:10     | Found Amoos's General Store.
  7792 | D:10     | Reached skill level 5 in Throwing
  7840 | D:10     | Reached XP level 11. HP: 59/106 MP: 11/11
  7891 | D:10     | Found a staircase to the Lair.
  7927 | D:10     | Noticed a two-headed ogre
  7950 | D:10     | Killed a two-headed ogre
  8541 | Lair:1   | Entered Level 1 of the Lair of Beasts
  8545 | Lair:1   | Learned a level 2 spell: Blink
  8643 | Lair:1   | Noticed a boulder beetle
  8656 | Lair:1   | Killed a boulder beetle
  8763 | Lair:1   | Reached skill level 1 in Translocations
  9080 | Lair:1   | Reached skill level 5 in Armour
  9523 | Lair:2   | Found a runed translucent gate.
  9603 | Lair:2   | Reached skill level 5 in Dodging
  9616 | Lair:2   | Reached skill level 11 in Unarmed Combat
  9617 | Lair:2   | Reached XP level 12. HP: 26/118 MP: 12/12
  9842 | Lair:2   | Noticed an eight-headed hydra
  9860 | Lair:2   | Killed a six-headed hydra
 10388 | Lair:2   | Found a runed translucent gate.
 10388 | Lair:2   | Found a runed translucent gate.
 10389 | Lair:2   | Noticed a nine-headed hydra
 10389 | Lair:2   | Noticed Dega's ghost (journeyman SpHu)
 10820 | Lair:3   | Noticed an eight-headed hydra
 10839 | Lair:3   | HP: 5/118 [six-headed hydra (1)]
 11158 | D:11     | Reached skill level 5 in Evocations
 11371 | D:11     | Noticed a centaur warrior
 11379 | D:11     | Killed a centaur warrior
 11976 | D:12     | Noticed Nessos
 12284 | D:3      | Killed Crazy Yiuf
 13132 | Lair:3   | Found a staircase to the Shoals.
 13326 | Lair:3   | Killed a one-headed hydra
 13327 | Lair:3   | Reached XP level 13. HP: 36/127 MP: 13/13
 13809 | Lair:4   | Reached skill level 12 in Unarmed Combat
 14074 | Lair:4   | Identified the +0 leather armour "Cahuaratu" {Dex+3}
 14466 | Lair:4   | Found a hole to the Spider Nest.
 15539 | Lair:6   | Entered Level 6 of the Lair of Beasts
 15539 | Lair:6   | Found a viscous altar of Jiyva.
 15539 | Lair:6   | Found a staircase to the Slime Pits.
 15843 | Lair:6   | Found a runed translucent door.
 15846 | Lair:6   | Noticed SuisLittleHoshiymin's ghost (journeyman OgFi)
 16465 | Lair:2   | Killed Dega's ghost
 16472 | Lair:2   | Identified the +6 long sword of Contention {holy, Fly
                  | Dex+5}
 17715 | D:12     | Reached skill level 13 in Unarmed Combat
 17959 | D:12     | Killed Nessos
 17960 | D:12     | Reached XP level 14. HP: 8/140 MP: 14/14
 17962 | D:12     | Killed from afar by an orc priest

Illustrated notes

Levels and vault maps discovered:
D:1:      dpeg_arrival_lava_temple_mockup, layout_basic,
          shapermc_ecumenical_altar_petra
D:2:      layout_basic, serial_rivers, chequers_serial_rivers_micro_c,
          chequers_serial_rivers_large_a, chequers_serial_rivers_small_a,
          chequers_serial_rivers_small_b, chequers_serial_rivers_room_b,
          minmay_divided_ellipse, uniq_robin, uniq_sigmund
D:3:      layout_basic, nicolae_overflow_crystal_walls, uniq_crazy_yiuf_cottage
D:4:      layout_loops_cross, minmay_temple_entry_nine_rooms, st_stairs_8,
          abandoned_shop, nicolae_underground_beach
D:5:      layout_loops_cross, uniq_eustachio
D:6:      layout_gridville, enter_ossuary_4
D:7:      kennysheep_steamy, layout_basic, uniq_joseph
D:8:      lemuel_bear_cage, layout_cave_pools, minmay_radiant
D:9:      layout_roguey, serial_shops, kennysheep_mini_moat, chequers_garden,
          grunt_ministairs_7, amcnicky_mini_pool_small, uniq_harold
D:10:     layout_basic, minmay_lair_entry_grove, serial_shops, shop
D:11:     layout_irregular_city
D:12:     layout_gridville, david_orc_4, serial_glass, glass_columns_c,
          glass_columns_a, uniq_nessos
Lair:1:   layout_regular_city, nzn_sisyphean_effort, lemuel_fruit_tree,
          grunt_megastairs_2
Lair:2:   layout_misc_corridors, serial_bayou, serial_bayou_lagoon_a,
          serial_bayou_lagoon_b, serial_bayou_pond_a, serial_bayou_shore_b,
          gammafunk_ghost_hydra_chop, infiniplex_staircase_pool_2
Lair:3:   layout_regular_city, elwin_shoals_entry_stream,
          minmay_lair_oklob_bushes
Lair:4:   layout_regular_city, hellmonk_spider_entry_life_and_decay
Lair:5:   layout_misc_corridors, wad_woods_road_05
Lair:6:   evilmike_catoblepas_cave, layout_gridlike, slime_altar_1,
          hellmonk_ghost_happy_afterlife, minmay_hedge_maze,
          infiniplex_staircase_pool

Skill      XL: |  1  2  3  4  5  6  7  8  9 10 11 12 13 |
---------------+----------------------------------------+-----
Unarmed Combat | 1 2 3 4 5 6 8 9 10 11 13 | 13.0
Stealth        | 1 |  1.0
Fighting       | 3 4 5 6 7 8 9 |  9.4
Dodging        | 1 2 3 5 6 7 |  7.3
Throwing       | 2 4 5 6 7 9 |  9.1
Armour         | 1 3 4 5 |  5.9
Evocations     | 2 3 4 5 |  5.0
Summonings     | 1 2 |  2.0
Hexes          | 1 2 3 |  3.0
Translocations | 2 4 |  4.0
Long Blades    | |  2.4
Spellcasting   | |  1.0
Fire Magic     | |  2.1

Action                   |  1- 3 |  4- 6 |  7- 9 | 10-12 | 13-15 || total
-------------------------+-------+-------+-------+-------+-------++-------
Melee: Falchion          |   105 |       |       |    14 |     4 ||   123
       Unarmed           |    73 |    85 |   218 |   479 |   402 ||  1257
       Punch             |       |     1 |     4 |    27 |    28 ||    60
Throw: Stone             |     4 |     9 |       |       |       ||    13
       Boomerang         |       |    15 |    96 |    55 |    21 ||   187
       Large rock        |       |       |       |     6 |       ||     6
 Cast: Summon Guardian G |       |       |       |     7 |     7 ||    14
       Scorch            |       |       |       |     1 |       ||     1
Invok: Fiery Armour      |       |     1 |     5 |     5 |       ||    11
       Foxfire Swarm     |       |       |     1 |       |       ||     1
Evoke: Wand              |       |       |     4 |     8 |     8 ||    20
       Tin of tremorston |       |       |       |       |     1 ||     1
  Use: Scroll            |       |     4 |     3 |    14 |     5 ||    26
       Potion            |       |       |       |     5 |    12 ||    17
 Stab: Sleeping          |       |       |     1 |       |       ||     1
Armor: Robe              |    62 |    26 |    23 |       |       ||   111
       Acid dragon scale |       |       |    45 |   192 |   201 ||   438
Dodge: Dodged            |    92 |    28 |    75 |   237 |   207 ||   639

Table legend: (Time is in decaauts)
 A = Elapsed time spent in this place.
 B = Non-inter-level travel time spent in this place.
 C = Inter-level travel time spent in this place.
 D = Time resting spent in this place.
 E = Time spent auto-exploring this place.
 F = Levels seen in this place.
 G = Mean time per level.
                   A        B        C        D        E       F      G
               +--------+--------+--------+--------+--------+-----+--------+
         Total |  17816 |  16071 |   1745 |   2548 |   9162 |  19 |  937.7 |
       Dungeon |  10666 |   9617 |   1049 |    966 |   6047 |  12 |  888.8 |
          Lair |   6968 |   6272 |    696 |   1581 |   3073 |   6 | 1161.3 |
       Ossuary |    180 |    180 |      0 |      0 |     42 |   1 |  180.0 |
               +--------+--------+--------+--------+--------+-----+--------+

Top non-repeatable levels by time:
  Lair:3: 1655 daAuts
  Lair:2: 1456 daAuts
    D:10: 1327 daAuts
     D:3: 1236 daAuts
  Lair:4: 1127 daAuts
  Lair:1: 1092 daAuts
     D:6: 1083 daAuts
     D:8: 1083 daAuts
     D:7: 1081 daAuts
  Lair:5: 1047 daAuts
     D:9: 952 daAuts
     D:1: 879 daAuts
     D:5: 770 daAuts
    D:11: 751 daAuts
  Lair:6: 590 daAuts
